[Event "*** Titled Tuesday Blitz"]
[Site "Chess.com"]
[Date "2021.02.16"]
[Round "8"]
[White "BvsN"]
[Black "EdmundPlayer"]
[Result "1-0"]
[WhiteElo "2356"]
[BlackElo "2182"]
[TimeControl "180+1"]
[EndTime "11:30:12 PST"]
[Termination "BvsN won by checkmate"]

1. c4 e5 2. Nc3 Nf6 3. Nf3 Nc6 4. e3 d5 5. cxd5 Nxd5 6. Bb5 Nxc3 7. bxc3 Bd6 8. d4 O-O 9. Bxc6 bxc6 10. dxe5 Bc5 11. Qxd8 Rxd8 12. O-O Ba6 13. Re1 Rab8 14. Nd4 Rb6 15. a4 Bc4 16. a5 Ra6 17. Ba3 Bxd4 18.
exd4 Rxa5 19. Bc5 Rxa1 20. Rxa1 a6 21. f3 Rb8 22. Bb4 f6 23. f4 Kf7 24. Kf2 Ke6 25.
Ke3 g6 26. Ra5 Bb5 27. g4 h5 28. gxh5 gxh5 29. Ke4 f5+ 30. Kf3 Rg8 31. Ra2 Bc4 32.
Ra5 Bd5+ 33. Ke3 Rg2 34. Rc5 Rxh2 35. c4 Be4 36. d5+ cxd5 37. Rxc7 Rh3+ 38. Kf2 Rf3+ 39. Ke2 dxc4 40. Re7+ Kd5 41. Rd7+ Kc6 42. Rd6+ Kc7 43. e6 Rg3 44. e7 Rg8 45. Rd8 Rxd8 46. Ba5+ Kc6 47.
exd8=Q Kb5 48. Qb6+ Ka4 49. Qb4# 1-0

[Event "*** Titled Tuesday Blitz"]
[Site "Chess.com"]
[Date "2021.02.16"]
[Round "8"]
[White "Stewie_89"]
[Black "Problematique_99"]
[Result "0-1"]
[WhiteElo "2599"]
[BlackElo "2474"]
[TimeControl "180+1"]
[EndTime "11:30:14 PST"]
[Termination "Problematique_99 won by resignation"]

1. e4 c5 2. Nf3 Nc6 3. Bb5 g6 4. O-O Bg7 5. Bxc6 bxc6 6. d3 d6 7. Nc3 Nf6 8. h3 O-O 9. Bg5 Rb8 10. Rb1 h6 11. Be3 Nd7 12. Qd2 Kh7 13. a3 Qa5 14. Qc1 Ba6 15. Nd2 Qc7 16. Ne2 d5 17.
f3 e5 18. c4 Qd6 19. Qc2 f5 20. b3 d4 21. Bf2 Bc8 22. Rbe1 h5 23. exf5 gxf5 24.
f4 exf4 25. Nf3 Bh6 26. Bh4 Nf6 27. Nc1 Rb7 28. Re5 Rg7 29. Qe2 Rfg8 30. Rf2 Bd7 31. b4 cxb4 32. c5 Qf8 33. Bxf6 Qxf6 34. axb4 Kh8 35.
Nxd4 Rg3 36. Qxh5 R8g5 37. Qe2 Rxh3 38. Nf3 Rg8 39. Re7 Bc8 40. Rxa7 Rhg3 41. Rc7 Bf8 42. Qe5 Qxe5 43. Nxe5 Be6 44. Rxc6 Bd5 45. Rh6+ Bxh6 46. c6 Rxg2+ 47. Rxg2 Rxg2+ 48. Kf1 Rc2 0-1

[Event "*** Titled Tuesday Blitz"]
[Site "Chess.com"]
[Date "2021.02.16"]
[Round "8"]
[White "The_filthy"]
[Black "WPWPWP-2015"]
[Result "0-1"]
[WhiteElo "2332"]
[BlackElo "2481"]
[TimeControl "180+1"]
[EndTime "11:30:14 PST"]
[Termination "WPWPWP-2015 won by resignation"]

1. e4 c5 2. Nf3 e6 3. d4 cxd4 4. Nxd4 Nc6 5. Nc3 Qc7 6. Ndb5 Qb8 7. g3 a6 8. Nd4 Nxd4 9. Qxd4 d6 10. Bg2 Nf6 11.
O-O Be7 12. Bg5 O-O 13. Rad1 Bd7 14. Bxf6 Bxf6 15. Qxd6 Bc6 16. Qxb8 Raxb8 17. Rd3 b5 18. a3 a5 19. Rfd1 b4 20. e5 Bxe5 21. axb4 Bxg2 22.
Kxg2 axb4 23. Na4 Rfc8 24. R1d2 h5 25. f4 Bf6 26. c3 g5 27. fxg5 Bxg5 28. Re2 Bf6 29.
Rf2 Be5 30. Rdf3 Rc7 31. Rd2 b3 32. Rfd3 Bf6 33. Rd7 Rc4 34. Ra7 Rb5 35. Rdd7 Rf5 36. Rxf7 Rxa4 37. Rxa4 Kxf7 38. Rb4 Rd5 39. Rxb3 Kg6 40.
Rb4 Kf5 41. h3 Rd2+ 42. Kf3 Rd3+ 43. Kg2 Be5 44. g4+ hxg4 45. hxg4+ Kg5 46. Rb5 Kf4 47. Rb4+ Kg5 48. Rb5 Kf6 49. g5+ Kf5 50. g6 Rg3+ 51. Kf2 Rxg6 52. Ra5 Rh6 53. c4 Rh2+ 54. Kf3 Rxb2 55.
c5 Rb3+ 56. Ke2 Rc3 57. Kd2 Rc4 58. Kd3 Rc1 59. Kd2 Bf4+ 60. Ke2 e5 61. Rb5 Ke4 62.
Rb4+ Kd5 0-1

[Event "*** Titled Tuesday Blitz"]
[Site "Chess.com"]
[Date "2021.02.16"]
[Round "8"]
[White "sergiochess83"]
[Black "Hikaru"]
[Result "1/2-1/2"]
[WhiteElo "2849"]
[BlackElo "3184"]
[TimeControl "180+1"]
[EndTime "11:30:15 PST"]
[Termination "Game drawn by repetition"]

1. e4 e5 2. Nf3 Nc6 3. Bb5 a6 4.
Ba4 g6 5. c3 b5 6. Bc2 d6 7. d4 Bg7 8. dxe5 Nxe5 9. Nxe5 Bxe5 10. Nd2 Ne7 11. O-O O-O 12. f4 Bg7 13. f5 Nc6 14.
Nf3 Ne5 15. Bf4 Bb7 16. Nxe5 dxe5 17. Be3 Qxd1 18. Raxd1 Rfd8 19. g4 Bf8 20. Kf2 f6 21.
Bb3+ Kg7 22. Kf3 Bd6 23. Bd5 Bxd5 24. Rxd5 Kf7 25. Rfd1 gxf5 26. gxf5 Ke7 27. b3 Ke8 28. Kg4 Kf7 29. Bc5 Ke7 30. Bf2 h5+ 31. Kf3 Ke8 32.
Bh4 Kf7 33. Bf2 Rab8 34. Ba7 Rb7 35. Bc5 Rc8 36. Bf2 a5 37. Rg1 a4 38. b4 Rbb8 39.
Rg6 Rd8 40. Rh6 Kg7 41. Rg6+ Kf7 42. Rh6 c6 43. Rd1 Be7 44. Rh7+ Kf8 45. Rxd8+ Rxd8 46. Rh8+ Kf7 47. Rxd8 Bxd8 48. Bc5 Kg7 49. Kg3 Kh7 50. Kh4 Kh6 51. Be3+ Kg7 52. Kxh5 Be7 53. Bc5 Bxc5 54. bxc5 Kh7 55. a3 Kg7 56. Kg4 Kh7 57. Kf3 Kh6 58.
Kg4 Kh7 59. Kh4 Kh6 60. Kg4 Kh7 1/2-1/2

[Event "*** Titled Tuesday Blitz"]
[Site "Chess.com"]
[Date "2021.02.16"]
[Round "8"]
[White "bazar-wokzal"]
[Black "Hangar-18"]
[Result "1-0"]
[WhiteElo "2559"]
[BlackElo "2371"]
[TimeControl "180+1"]
[EndTime "11:30:15 PST"]
[Termination "bazar-wokzal won by checkmate"]

1. e4 c6 2. d4 d5 3. e5 c5 4. dxc5 e6 5. Nf3 Nd7 6. a3 Bxc5 7. Bd3 Ne7 8. O-O Ng6 9. b4 Be7 10. Bb2 Qc7 11. Re1 O-O 12. Nbd2 a5 13. b5 Nc5 14.
Bf1 Na4 15. Bd4 Nc3 16. Qc1 Na4 17. c4 Bd7 18. cxd5 Qxc1 19. Rexc1 exd5 20. Rc7 Be6 21. b6 Bd8 22. Bb5 Nxb6 23. Bxb6 Bxc7 24. Bxc7 Rfc8 25. Bd6 Nf4 26. Nd4 Rc3 27. Bf1 Rac8 28. g3 Ng6 29.
f4 Bd7 30. Rb1 b5 31. f5 Nf8 32. Bxb5 Bxb5 33. Rxb5 Rd3 34. N4f3 Rdc3 35. Kf2 h6 36. Rxd5 Kh7 37. Rxa5 Nd7 38. Ra7 Nc5 39. Rxf7 Nd3+ 40. Kg2 Rc2 41. Kh3 Nf2+ 42. Kh4 R8c4+ 43. Nxc4 Rxc4+ 44. Kh5 Kg8 45. e6 Ng4 46. Be5 Nxe5 47. Nxe5 Re4 48. Ng6 Kh7 49. Rf8 Rh4+ 50. Kxh4 h5 51.
Rh8# 1-0

[Event "*** Titled Tuesday Blitz"]
[Site "Chess.com"]
[Date "2021.02.16"]
[Round "8"]
[White "KonstantinB_1983"]
[Black "MartinMatthiesen"]
[Result "1-0"]
[WhiteElo "2536"]
[BlackElo "2365"]
[TimeControl "180+1"]
[EndTime "11:30:15 PST"]
[Termination "KonstantinB_1983 won by resignation"]

1. Nf3 c5 2. c4 Nf6 3. Nc3 e6 4. e4 d6 5. d4 cxd4 6. Nxd4 b6 7. Be2 Bb7 8. f3 Be7 9. Be3 O-O 10. Qd2 a6 11.
Nc2 Nbd7 12. O-O Qc7 13. Rfd1 Rfe8 14. Rac1 Rac8 15. b3 Qb8 16. Kh1 d5 17. cxd5 exd5 18. exd5 Bd6 19. Bg1 Bf4 20. Be3 Rxe3 21. Nxe3 Re8 22.
Qe1 Bxe3 23. Rb1 b5 24. Qh4 h6 25. a4 Bg5 26. Qd4 Bf4 27. axb5 Be5 28. Qc4 Bxc3 29. bxa6 Be5 30. axb7 Bxh2 31. Bf1 Nh5 32. g4 Ng3+ 33. Kg2 Nxf1 34. Qxf1 Qg3+ 35. Kh1 Qh4 36. Qg2 Bb8+ 37. Kg1 Ba7+ 38. Kf1 Nf6 39. d6 Qg5 40. Qd2 Qc5 41. Kg2 Rd8 42. Rbc1 Qb6 43. Rc8 Kh7 44.
Rxd8 Qxd8 45. d7 Bb8 46. Qd3+ g6 47. Rc1 Qxd7 48. Qxd7 Nxd7 49. Rd1 Ne5 50. Rd8 Nc6 51. Rc8 1-0

[Event "*** Titled Tuesday Blitz"]
[Site "Chess.com"]
[Date "2021.02.16"]
[Round "8"]
[White "Natalya_Buksa"]
[Black "GMJustin"]
[Result "0-1"]
[WhiteElo "2519"]
[BlackElo "2346"]
[TimeControl "180+1"]
[EndTime "11:30:16 PST"]
[Termination "GMJustin won by checkmate"]

1. d4 Nf6 2. Nc3 e6 3. e4 Bb4 4.
Bd3 c5 5. dxc5 Nc6 6. Ne2 Bxc5 7.
O-O O-O 8. Kh1 d5 9. Bg5 dxe4 10. Nxe4 Be7 11. N4g3 h6 12. Bd2 Ne5 13. Nf4 Nxd3 14. Nxd3 Bd7 15. Ne5 Be8 16. Be3 Qxd1 17. Rfxd1 Nd5 18.
Ne4 Nxe3 19. fxe3 f6 20. Nd7 Rf7 21. Nec5 Rd8 22. h3 b6 23. Nxb6 Rxd1+ 24. Rxd1 Bxc5 25. Nc4 Rd7 26. Re1 Rd8 27. a3 Bb5 28. Na5 Bb6 29. Nb3 Bc4 30. Nc1 Rd2 31. b3 Bd5 32. e4 Bb7 33. c4 f5 34. Ne2 Bxe4 35. Nf4 Bf2 36. Re2 Rxe2 37. Nxe2 e5 38. b4 Bd3 39. Nc3 Bxc4 40. Kh2 e4 41. a4 e3 42. b5 e2 43.
Nxe2 Bxe2 44. g4 fxg4 45. hxg4 Bxg4 46. a5 Bc5 47. Kg3 Be2 48. b6 axb6 49. axb6 Bxb6 50. Kf4 Bd4 51. Kf5 Bd3+ 52. Kg4 g5 53. Kh5 Kh7 54.
Kg4 Kg6 55. Kg3 Kf5 56. Kf3 g4+ 57. Kg3 Kg5 58. Kg2 Kf4 59. Kh2 g3+ 60. Kg2 Kg4 61. Kh1 Be4# 0-1

[Event "*** Titled Tuesday Blitz"]
[Site "Chess.com"]
[Date "2021.02.16"]
[Round "8"]
[White "MasterMK73"]
[Black "elindisguise"]
[Result "0-1"]
[WhiteElo "2274"]
[BlackElo "2459"]
[TimeControl "180+1"]
[EndTime "11:30:16 PST"]
[Termination "elindisguise won on time"]

1. e4 c5 2. Nf3 e6 3. d4 cxd4 4.
Nxd4 Nc6 5. Nb5 d6 6. c4 a6 7. N5a3 Nf6 8. Nc3 Qc7 9. Be3 Bd7 10. Rc1 Be7 11. Be2 h5 12. O-O Ne5 13. h3 Rc8 14. f4 Nc6 15. Bf3 Qa5 16. Qd2 h4 17. Rfd1 Rd8 18. Qf2 Rc8 19. Nc2 Qc7 20. Na4 Qb8 21.
Nb6 Rd8 22. Nxd7 Nxd7 23. b4 O-O 24. Rd2 Rc8 25. e5 dxe5 26. Rxd7 exf4 27. Bb6 Nxb4 28. Rxe7 Nd3 29. Qxh4 Nxc1 30. Be4 f5 31. Qg5 Rf7 32. Bd4 Rc7 33. Rxe6 Ne2+ 34. Kf2 Nxd4 35. Nxd4 fxe4 36. Rxe4 f3 37. g3 Qd8 38. Nf5 Rcd7 39. Nh6+ Kh7 40. Nxf7 Rd2+ 41. Kxf3 Qd3+ 42. Kg4 Qf3+ 43. Kh4 Rd3 0-1

[Event "*** Titled Tuesday Blitz"]
[Site "Chess.com"]
[Date "2021.02.16"]
[Round "8"]
[White "Vamostodorecto"]
[Black "Kale36"]
[Result "1-0"]
[WhiteElo "2425"]
[BlackElo "2233"]
[TimeControl "180+1"]
[EndTime "11:30:16 PST"]
[Termination "Vamostodorecto won by resignation"]

1. d4 Nc6 2. Nf3 d6 3. d5 Ne5 4. Nxe5 dxe5 5. e4 e6 6. c4 Bc5 7. Nc3 Nf6 8. b4 Bd4 9. Qd3 Nxe4 10. Nxe4 Bxa1 11. Be2 Bd4 12. Bg5 f6 13. Bh5+ Kf8 14. Qf3 exd5 15. Nxf6 gxf6 16. Bxf6 Qd7 17. Bxh8+ Qf5 18.
cxd5 Qxf3 19. Bxf3 Ke7 20. Bg7 Bf5 21. Bh6 Kd6 22. Ke2 Rg8 23. Rd1 Bg4 24. Be3 Bxf3+ 25. gxf3 Kxd5 26. f4 Ke4 27. fxe5 Bxe5 28. Rd7 Rg7 29.
Rd8 b6 30. Re8 Kd5 31. Kd3 Rd7 32. f4 Bd6 33. f5 Kc6 34. Kc4 Bxh2 35. f6 Bd6 36. b5+ Kb7 37. Bd4 Rf7 38. Re6 a6 39. a4 axb5+ 40. axb5 h5 41. Re8 Rh7 42. Re3 h4 43. Rh3 Bg3 44. Kd5 Kc8 45. Ke6 Kd8 46. f7 Rh6+ 47. Bf6+ Kc8 48. f8=Q+ Kb7 49. Qxh6 1-0

[Event "*** Titled Tuesday Blitz"]
[Site "Chess.com"]
[Date "2021.02.16"]
[Round "8"]
[White "Nemsko"]
[Black "MuhittinBuker"]
[Result "1-0"]
[WhiteElo "2331"]
[BlackElo "2081"]
[TimeControl "180+1"]
[EndTime "11:30:16 PST"]
[Termination "Nemsko won by resignation"]

1. e4 e5 2. Nf3 Nc6 3. Bb5 a6 4. Ba4 Nf6 5. O-O Be7 6. Re1 b5 7. Bb3 O-O 8. h3 d5 9. exd5 Nxd5 10.
Nxe5 Nxe5 11. Rxe5 c6 12. d4 Bd6 13. Re1 Ra7 14. Nd2 Re8 15. Ne4 Bb8 16. c3 Rae7 17.
Bg5 f6 18. Bxf6 gxf6 19. Nxf6+ Kh8 20. Nxe8 Qxe8 21. Rxe7 Qxe7 22. Qf3 Be6 23. Re1 Qd6 24. g3 Bc7 25. Bc2 Bd8 26. Qh5 Nf6 27. Qh6 Bf7 28. g4 Bc7 29. Re5 Bg8 30. g5 Nd5 31. g6 Qf6 32. Re8 Bh2+ 33. Kf1 Qg7 34. Qxh7+ Qxh7 35.
gxh7 Nf6 36. hxg8=Q+ Nxg8 37. Bb3 Kg7 38. Rxg8+ Kf6 39.
Rg2 Bd6 40. Ke2 Kf5 41. a4 Kf6 42. axb5 axb5 43. h4 Bf8 44. Rg4 Bh6 45. Re4 Bc1 46. Re6+ Kf5 47. Rxc6 Bxb2 48. Rc5+ Kg6 49. Kd3 b4 50. cxb4 Bc1 51. b5 Bf4 52. b6 Kh6 53. b7 Bb8 54. Rc8 1-0

[Event "*** Titled Tuesday Blitz"]
[Site "Chess.com"]
[Date "2021.02.16"]
[Round "8"]
[White "Grineva_Marianna"]
[Black "TeukkaSalama"]
[Result "0-1"]
[WhiteElo "2232"]
[BlackElo "2373"]
[TimeControl "180+1"]
[EndTime "11:30:17 PST"]
[Termination "TeukkaSalama won by resignation"]

1. e4 d6 2. d4 Nf6 3. Nc3 e5 4.
Nf3 exd4 5. Nxd4 Be7 6. Be2 O-O 7. Be3 Re8 8. O-O Rf8 9. f4 Re8 10. Bf3 Bf8 11. Qd3 Nbd7 12. b4 a5 13. a3 c6 14. Nf5 Qc7 15. Rad1 axb4 16. axb4 Ra3 17. Bc1 Qb6+ 18. Kh1 Qxb4 19. Bxa3 Qxa3 20. Rfe1 Nc5 21. Qe3 Bxf5 22. Nd5 Qxe3 23. Nxf6+ gxf6 24. Rxe3 Bxe4 25. Rde1 f5 26. Bh5 Bg7 27. h3 d5 28. Kh2 Ne6 29. Rg3 Kf8 30. Rb1 Rb8 31. Rb2 Nxf4 32. Bf3 Bxf3 33.
Rxf3 Ne6 34. Ra2 Be5+ 35. g3 Ke7 36. Rxf5 f6 37. Rh5 Kd6 38. Rxh7 Rg8 39. Ra3 b5 40. h4 Rg4 41. Kh3 Rc4 42. h5 Rxc2 43.
Rh8 f5 44. h6 Bxh8 45. h7 Be5 46. Ra8 Ng5+ 47. Kh4 Ne4 48. Kh5 Rh2+ 49. Kg6 b4 50. Kxf5 Bd4 51. Rb8 Rxh7 52. Rxb4 Kc5 53. Rb8 Nxg3+ 54. Kg6 Re7 55. Kh6 Ne4 56. Kg6 Re5 57.
Rb1 Nd6 58. Rc1+ Nc4 59. Rd1 Re4 60. Kf5 Ne3+ 0-1

[Event "*** Titled Tuesday Blitz"]
[Site "Chess.com"]
[Date "2021.02.16"]
[Round "8"]
[White "LiemLe"]
[Black "Firouzja2003"]
[Result "1-0"]
[WhiteElo "3017"]
[BlackElo "3088"]
[TimeControl "180+1"]
[EndTime "11:30:19 PST"]
[Termination "LiemLe won by resignation"]

1. d4 Nf6 2. Nf3 g6 3. Bf4 Bg7 4. e3 d6 5. h3 O-O 6. Be2 Nc6 7. O-O Nd7 8. c4 e5 9. Bg3 f5 10. Nc3 g5 11. dxe5 dxe5 12. Qc2 e4 13. Nd2 Nde5 14. Rad1 Qe8 15. Nd5 Qf7 16. b4 Nd8 17. f4 gxf4 18. Nxf4 c6 19. Nh5 Qg6 20. Nxe4 Ndf7 21. Nf4 Qh6 22. Nc5 Re8 23. Bd3 Qg5 24. Bh2 Ng6 25.
Kh1 Nfe5 26. Qf2 b6 27. Nb3 Nxd3 28. Rxd3 Ba6 29. Rc1 Re4 30. Nd4 Rae8 31. Nf3 Qe7 32. Ra3 Bxc4 33. Nd2 Qxb4 34. Nxc4 Rxc4 35. Rxc4 Qxc4 36.
Rxa7 b5 37. Nh5 Re7 38. Ra8+ Bf8 39. Qxf5 Qc1+ 40. Bg1 Rf7 41. Nf6+ Kg7 42. Nh5+ Kg8 43. Qe6 Qf1 44. Ra7 Bc5 45. Rc7 Bxe3 46. Qxf7+ Qxf7 47. Rxf7 Bxg1 48. Rg7+ Kh8 49. Kxg1 Nf4 50. Rg5 Ne6 51. Re5 Nc7 52. Re7 1-0

[Event "*** Titled Tuesday Blitz"]
[Site "Chess.com"]
[Date "2021.02.16"]
[Round "8"]
[White "AlexeiShirov"]
[Black "Gahan-MG"]
[Result "1/2-1/2"]
[WhiteElo "2836"]
[BlackElo "2655"]
[TimeControl "180+1"]
[EndTime "11:30:19 PST"]
[Termination "Game drawn by repetition"]

1. e4 Nf6 2. e5 Nd5 3. d4 d6 4. c4 Nb6 5. exd6 exd6 6. Bd3 Be7 7. Ne2 O-O 8. O-O Bf6 9. Nbc3 Nc6 10. Be3 Re8 11. a3 Bg4 12. Qc2 Bxe2 13. Nxe2 g6 14. Rad1 d5 15. c5 Nd7 16. Bb5 Nf8 17. Nf4 Ne6 18. Nxe6 Rxe6 19. b4 Ne7 20. Bd3 a6 21. Rfe1 Nc6 22. Be2 Bg7 23. Bg4 Re4 24. Bf3 Nxd4 25. Bxd4 Rxe1+ 26. Rxe1 Bxd4 27. Rd1 Qf6 28. Bxd5 Rd8 29. Bf3 b6 30. c6 Rd6 31. h3 Kg7 32.
Re1 Bc3 33. Re2 h5 34. Re3 Bd4 35. Re8 Bc3 36. Qe2 Qf4 37. g3 Qc1+ 38. Kg2 Bf6 39. Qe3 Qxe3 40. Rxe3 Rd2 41. Re2 Rxe2 42. Bxe2 a5 43.
bxa5 bxa5 44. a4 Bd4 45. Bb5 f5 46. Kf3 Kf6 47. Ke2 g5 48. f4 gxf4 49. gxf4 h4 50. Kf3 Bc5 51. Bc4 Bd4 52. Bd3 Bc5 53. Bc2 Bb6 54. Bd3 Bc5 55. Bc2 Bd6 56. Bd3 Bc5 1/2-1/2

[Event "*** Titled Tuesday Blitz"]
[Site "Chess.com"]
[Date "2021.02.16"]
[Round "8"]
[White "mbojan"]
[Black "kleopl"]
[Result "1-0"]
[WhiteElo "2625"]
[BlackElo "2466"]
[TimeControl "180+1"]
[EndTime "11:30:19 PST"]
[Termination "mbojan won on time"]

1. g3 f5 2. d3 Nf6 3. Bg2 g6 4. Nd2 Bg7 5. e4 d6 6. f4 c6 7. Ngf3 O-O 8. O-O Qb6+ 9. Kh1 Ng4 10. Qe2 Qe3 11. Re1 Qb6 12. Nc4 Qc5 13. h3 fxe4 14. dxe4 Nf6 15. Be3 Nxe4 16. Kh2 Qh5 17. Bg1 d5 18.
Nce5 Nd7 19. Nxd7 Bxd7 20. Bd4 Bh6 21. Be5 Rae8 22. Rad1 Bc8 23. Rd3 Bg7 24. Bxg7 Kxg7 25. Ne5 Nf6 26. g4 Qh4 27. Rg3 Kg8 28. Nf3 Qh6 29.
g5 Qh5 30. gxf6 exf6 31. Qxe8 Rxe8 32. Rxe8+ Kf7 33. Rxc8 Qf5 34. Rc7+ Ke8 35. Rxb7 Qxc2 36. Rxh7 c5 37. f5 g5 38. h4 g4 39. Rxg4 Kf8 40.
Rgg7 Qxf5 41. Rf7+ Kg8 42. Rhg7+ Kh8 43. Rh7+ Kg8 44. Rxa7 Qf4+ 45. Kh3 Qf5+ 46. Kg3 d4 47. Rhd7 Qg6+ 48. Kh2 Qe8 49. Rg7+ Kh8 50. Rge7 Qb8+ 51. Kg1 1-0

[Event "*** Titled Tuesday Blitz"]
[Site "Chess.com"]
[Date "2021.02.16"]
[Round "8"]
[White "Artyom_ChessMate"]
[Black "KetiGrant"]
[Result "1/2-1/2"]
[WhiteElo "2548"]
[BlackElo "2405"]
[TimeControl "180+1"]
[EndTime "11:30:19 PST"]
[Termination "Game drawn by stalemate"]

1. e4 c5 2. Nc3 e6 3. Nge2 Nc6 4. g3 d5 5. exd5 exd5 6. d4 Nf6 7. Bg2 cxd4 8. Nxd4 Bb4 9. O-O O-O 10. Bg5 h6 11. Bxf6 Qxf6 12. Nxd5 Qxd4 13. Qxd4 Nxd4 14. Nxb4 a5 15.
Nd5 Nxc2 16. Rac1 Nd4 17. Rfe1 Bg4 18. Rc7 Nf3+ 19. Bxf3 Bxf3 20. Ne7+ Kh7 21. Nf5 Rac8 22. Rec1 Rxc7 23. Rxc7 Rd8 24. Ne3 Kg6 25. h3 Rd2 26.
Rc2 Rxc2 27. Nxc2 Kf5 28. Nd4+ Ke4 29. Nb3 b6 30. Nd2+ Kd3 31. Nxf3 Kc2 32. Ne5 b5 33. Nc6 a4 34. Nd4+ Kxb2 35. Nxb5 Kxa2 36. Kg2 Kb3 37. Kf3 Kb4 38. Nd4 Kc4 39. Ke4 a3 40.
Ke3 a2 41. Nc2 Kc3 42. Na1 Kb2 43. Kd2 Kxa1 44. Kc1 f5 45. f3 g5 46. Kc2 h5 47.
Kc1 h4 48. gxh4 gxh4 49. Kc2 f4 50. Kc1 1/2-1/2

[Event "*** Titled Tuesday Blitz"]
[Site "Chess.com"]
[Date "2021.02.16"]
[Round "8"]
[White "Julianos82"]
[Black "Zq1"]
[Result "1/2-1/2"]
[WhiteElo "2357"]
[BlackElo "2496"]
[TimeControl "180+1"]
[EndTime "11:30:19 PST"]
[Termination "Game drawn - insufficient material"]

1. d4 Nf6 2. Nf3 e6 3. Bg5 c5 4. e3 cxd4 5. exd4 b6 6. Nbd2 Bb7 7. Bd3 Be7 8. O-O O-O 9. c3 d6 10. Qe2 Nbd7 11. a4 a6 12. Rfe1 Re8 13. Rad1 Nf8 14.
Nc4 Ng6 15. Nh4 b5 16. Nxg6 hxg6 17. axb5 axb5 18. Ne3 b4 19. Ra1 bxc3 20. bxc3 Nh5 21. Bxe7 Qxe7 22. Qc2 Nf4 23. Be4 d5 24. Bf3 Qc7 25. g3 Nh3+ 26. Kg2 Ng5 27. h4 Ne4 28. Bxe4 dxe4 29. c4 f5 30. Rxa8 Rxa8 31. Rb1 Ra7 32. Qb3 f4 33. Ng4 e3+ 34. f3 e2 35. Ne5 fxg3 36. Qd3 Ra2 37. Kxg3 Qe7 38. Qxg6 Qf6 39.
Qxf6 gxf6 40. Ng4 Ba6 41. Nxf6+ Kf7 42. Ng4 Kg6 43. Ne5+ Kf5 44. Re1 Rc2 45. h5 Bxc4 46.
Nxc4 Rxc4 47. Rxe2 Rxd4 48. Rh2 Rd7 49. h6 Rh7 50.
Rh4 e5 51. Rh1 Kg5 52. Kf2 Rxh6 53. Rxh6 Kxh6 54. Ke3 Kg5 55. Ke4 Kf6 56. f4 exf4 57. Kxf4 1/2-1/2

[Event "*** Titled Tuesday Blitz"]
[Site "Chess.com"]
[Date "2021.02.16"]
[Round "8"]
[White "AttractiveMustard"]
[Black "Ajedrez_con_German"]
[Result "1/2-1/2"]
[WhiteElo "2382"]
[BlackElo "2583"]
[TimeControl "180+1"]
[EndTime "11:30:20 PST"]
[Termination "Game drawn by repetition"]

1. e4 e6 2. d4 d5 3. Nd2 h6 4.
Ngf3 Nf6 5. Bd3 c5 6. dxc5 Bxc5 7. O-O Nc6 8. Qe2 O-O 9. e5 Nd7 10. c4 f6 11. cxd5 Ncxe5 12. dxe6 Nxd3 13. Qxd3 Nb6 14. Qc2 Qc7 15. Nb3 Bd6 16. Qxc7 Bxc7 17. Re1 Re8 18.
Nbd4 Nc4 19. b3 Ne5 20. Bb2 Nxf3+ 21. Nxf3 Bxe6 22. Nd4 Bd7 23. Rac1 Rxe1+ 24. Rxe1 Re8 25. Rxe8+ Bxe8 26. Kf1 Kf7 27. Ke2 h5 28. h3 Bd7 29. Bc3 h4 30. a4 g5 31. Kd3 Bb6 32. f3 a6 33. Ke4 Bxd4 34. Bxd4 Ke6 35. Bc3 Bc6+ 36. Ke3 Bd5 37. b4 Bc4 38. a5 Kf5 39.
Bb2 Bb5 40. Bc3 Bc6 41. Bb2 Kg6 42. Bc3 f5 43. Bb2 Kh5 44. Bf6 g4 45. fxg4+ fxg4 46. hxg4+ Kxg4 47. Kf2 Bd5 48. Be7 Be6 49. Bd8 Bd5 50.
Be7 Bc6 51. Bd8 h3 52. gxh3+ Kxh3 53. Ke3 Bb5 54. Kd4 Kg4 55. Kc5 Kh3 56. Bb6 Kg4 57.
Kd6 Kh3 58. Kc5 Kg4 59. Kd6 Kh3 60. Kc5 1/2-1/2

[Event "*** Titled Tuesday Blitz"]
[Site "Chess.com"]
[Date "2021.02.16"]
[Round "8"]
[White "anon481216"]
[Black "MatyChess1"]
[Result "1-0"]
[WhiteElo "2466"]
[BlackElo "2596"]
[TimeControl "180+1"]
[EndTime "11:30:21 PST"]
[Termination "anon481216 won on time"]

1. d4 Nf6 2. c4 e6 3. g3 c5 4. d5 exd5 5. cxd5 d6 6. Nf3 g6 7.
Bg2 Bg7 8. O-O O-O 9. Nc3 Re8 10.
h3 Ne4 11. Nxe4 Rxe4 12. Bg5 Qb6 13. Rb1 Bf5 14. Nd2 Rd4 15. e4 Bd7 16. Be3 Rb4 17.
b3 Bb5 18. Re1 Bd3 19. Nc4 Bxc4 20. bxc4 Nd7 21. f4 Re8 22. Bf2 Bc3 23. Rf1 Bg7 24. Qd3 Qa5 25. Rxb4 cxb4 26. Rb1 Nc5 27. Qc2 Bc3 28. Kh2 b6 29. Rf1 Qa4 30. Qxa4 Nxa4 31. e5 dxe5 32. d6 exf4 33. Bc6 Rd8 34. Bxa4 Rxd6 35.
gxf4 Rd2 36. Bb3 a5 37. Kg3 Kg7 38. Bxb6 a4 39. Bxa4 Rxa2 40. Bc6 b3 41. Be4 b2 42. c5 Bd4 43. Rb1 Ra4 44. Kf3 Rb4 45. Ke2 Rb3 46. Bd3 h5 47. Kd2 Kf6 48. Kc2 Rc3+ 49. Kd2 Rb3 50. Bc7 Ke7 51. Be5 1-0

[Event "*** Titled Tuesday Blitz"]
[Site "Chess.com"]
[Date "2021.02.16"]
[Round "8"]
[White "Oleksandr_Bortnyk"]
[Black "Msb2"]
[Result "1-0"]
[WhiteElo "2950"]
[BlackElo "2861"]
[TimeControl "180+1"]
[EndTime "11:30:22 PST"]
[Termination "Oleksandr_Bortnyk won on time"]

1. e4 e6 2. d4 d5 3. Nc3 Nf6 4. Bg5 dxe4 5. Nxe4 Be7 6. Bxf6 gxf6 7. Nf3 f5 8. Nc3 a6 9. Qd3 b5 10. O-O-O Qd6 11.
Qe3 Nd7 12. a3 Nb6 13. d5 exd5 14. Bxb5+ axb5 15. Nxb5 Qd8 16. Rhe1 Be6 17. Nfd4 O-O 18. Nxe6 fxe6 19. Qxe6+ Rf7 20. Rd3 Bg5+ 21. Kb1 Qd7 22. Rg3 Qxe6 23. Rxe6 Rg7 24. Nxc7 Rb8 25. Ne8 f4 26.
Rb3 Rgb7 27. Nd6 Re7 28. Rxe7 Bxe7 29. Nf5 Bf6 30. a4 Nd7 31. Rxb8+ Nxb8 32. b4 Kf7 33. g4 fxg3 34. fxg3 Ke6 35. g4 d4 36. Ka2 Kd5 37. Kb3 Nc6 38. a5 Ne5 39. a6 Kc6 40. b5+ Kb6 41. Nd6 Bd8 42. Nc8+ Kc7 43. a7 Kb7 44. h3 Bc7 45. b6 Nd7 46. bxc7 Nc5+ 47. Kc4 Na6 48. Nd6+ Kxc7 49. a8=Q Kxd6 50. Qxa6+ Ke5 51.
Qc6 1-0

[Event "*** Titled Tuesday Blitz"]
[Site "Chess.com"]
[Date "2021.02.16"]
[Round "8"]
[White "Grieve72"]
[Black "elohunter1999"]
[Result "0-1"]
[WhiteElo "2469"]
[BlackElo "2632"]
[TimeControl "180+1"]
[EndTime "11:30:23 PST"]
[Termination "elohunter1999 won on time"]

1. d4 Nf6 2. Bg5 Ne4 3. Bf4 c5 4. f3 Qa5+ 5. c3 Nf6 6. d5 Qb6 7. e4 Qxb2 8. Nd2 Qxc3 9. Bc7 d6 10. Rb1 Nfd7 11. Ne2 Qf6 12. Ba5 e5 13. dxe6 fxe6 14. Nc4 Nc6 15. Bc7 e5 16. Bxd6 Nd4 17. Bxf8 Rxf8 18.
Nc3 Qh4+ 19. g3 Nxf3+ 20. Qxf3 Rxf3 21. gxh4 Rxc3 22. Be2 Ke7 23. Rg1 g6 24. h5 Kf6 25.
Kd2 Rh3 26. hxg6 hxg6 27. Nd6 Nb6 28. Rbf1+ Ke7 29. Rxg6 Be6 30. Nf5+ Bxf5 31. Rxf5 Rd8+ 32. Ke1 Kd7 33. Rxe5 Rxh2 34. Bg4+ Kc7 35. Rg7+ Kb8 36. Ree7 Rh1+ 37. Kf2 Rh2+ 38. Kg3 Rxa2 39. Rxb7+ Ka8 40. e5 Ra3+ 41. Kh4 Nd5 42. Rbf7 c4 43. Bf3 Rxf3 44. Rxf3 c3 45. Rff7 c2 46. Rxa7+ Kb8 47. Ra1 Rc8 48. Rc1 Nf4 0-1

[Event "*** Titled Tuesday Blitz"]
[Site "Chess.com"]
[Date "2021.02.16"]
[Round "8"]
[White "StockholmMissile"]
[Black "OlifantCZ"]
[Result "1-0"]
[WhiteElo "2534"]
[BlackElo "2320"]
[TimeControl "180+1"]
[EndTime "11:30:23 PST"]
[Termination "StockholmMissile won on time"]

1. d4 Nf6 2. Bg5 e6 3. e4 h6 4. Bxf6 Qxf6 5. c3 d6 6. Nf3 g6 7. Nbd2 Be7 8. e5 Qg7 9. Bd3 b6 10. Be4 d5 11. Bd3 c5 12. O-O O-O 13. Qe2 a5 14. a4 c4 15. Bc2 Bd7 16. h4 Nc6 17. g3 f5 18. exf6 Bxf6 19. Rae1 Rae8 20. Ne5 Bxe5 21. dxe5 Re7 22. f4 g5 23. Kh2 Kh8 24.
Rg1 Ref7 25. Nf3 g4 26. Nd2 Ne7 27. Qe3 Nc8 28. Ra1 Be8 29. Nf1 Rb7 30. Qe2 Bg6 31. Bxg6 Qxg6 32. Ne3 h5 33. Nc2 Ne7 34. Nd4 Nf5 35.
Nb5 Qf7 36. Rgf1 Qe7 37. Rad1 Nxh4 38. gxh4 Qxh4+ 39. Kg1 g3 40. Qg2 Rxf4 41. Rxf4 Qxf4 42. Rf1 Qe3+ 43. Kh1 Rg7 44. Nd4 Rg4 45. Nf3 Qd3 46. Re1 h4 47. Kg1 Kg7 48. Nd4 Qg6 49. Rf1 Rg5 50.
Qf3 1-0